 Dungeon Crawl Stone Soup version 0.24.0-3-g28a8eb0610 (webtiles) character file.

Game seed: 6119678940186911607, levelgen mode: deterministic

99 Gildeon the Conjurer (level 4, -8/24 HPs)
             Began as a Deep Elf Conjurer on Nov 1, 2019.
             Killed from afar by Natasha (15 damage)
             ... with a puff of flame
             ... on level 2 of the Dungeon.
             The game lasted 00:08:39 (1441 turns).

Gildeon the Conjurer (Deep Elf Conjurer)            Turns: 1441, Time: 00:08:40

Health: -8/24      AC:  4    Str:  5    XL:     4   Next: 45%
Magic:  10/10      EV: 14    Int: 21    God:
Gold:   32         SH:  0    Dex: 15    Spells: 3/9 levels left

rFire    x . .     SeeInvis .   h - +2 whip (venom)
rCold    + . .     Gourm    .   (no shield)
rNeg     . . .     Faith    .   a - +0 robe
rPois    .         Spirit   .   q - +0 helmet
rElec    .         Reflect  .   d - +0 cloak
rCorr    .         Harm     .   (no gloves)
MR       .....                  (no boots)
Stlth    +.........             (no amulet)
HPRegen  0.08/turn              i - ring of ice
MPRegen  0.12/turn              (no ring)

@: confused, slowed, very slow
A: no striking features
a: no special abilities


You were on level 2 of the Dungeon.
You were not hungry.

You visited 1 branch of the dungeon, and saw 2 of its levels.

You collected 32 gold pieces.

Inventory:

Hand Weapons
 h - a +2 whip of venom (weapon)
 k - a +1 dagger of venom
Missiles
 n - 5 curare-tipped darts (quivered)
Armour
 a - a +0 robe (worn)
 d - a +0 cloak (worn)
 q - a +0 helmet (worn)
Jewellery
 i - a ring of ice (left hand)
Scrolls
 b - a scroll of immolation {unknown}
 e - a scroll of remove curse
 l - a scroll of noise {unknown}
 o - a scroll of random uselessness {unknown}
Potions
 j - a potion of degeneration {unknown}
 m - a potion of resistance {unknown}
 p - a potion of lignification {unknown}
Comestibles
 c - 6 rations
 f - 5 chunks of flesh


   Skills:
 + Level 3.8 Dodging
 + Level 4.0 Stealth
 + Level 3.3 Spellcasting
 - Level 5.0 Conjurations


You had 3 spell levels left.
You knew the following spells:

 Your Spells              Type           Power        Failure   Level  Hunger
a - Magic Dart            Conj           ###.         1%          1    None
b - Searing Ray           Conj           ###...       2%          2    ##.....
c - Dazzling Spray        Conj/Hex       ##....       14%         3    ###....

Your spell library contained the following spells:

 Spells                   Type           Power        Failure   Level  Hunger
 Iskenderun's Mystic Bla  Conj           ###.....     16%         4    ####...
 Force Lance              Conj/Tloc      ##......     41%         4    ####...
 Fulminant Prism          Conj/Hex       ##........   41%         4    ####...


Dungeon Overview and Level Annotations

Branches:
Dungeon (2/15)

Altars:
Ashenzari

Annotations:
D:2 Natasha, Sigmund


Message History

Natasha is moderately wounded.
Natasha stares at you and mumbles some strange words.
You feel yourself slow down.
Casting: Magic Dart (safe; 1% risk of failure)
Confirm with . or Enter, or press ? or * to list all spells.
Aiming: Magic Dart (safe; 1% risk of failure)
Press: ? - help, Shift-Dir - straight line, f/p - Natasha
Aim: Natasha, carrying a wand of flame (12) (moderately wounded)
The magic dart hits Natasha.
Natasha is moderately wounded.
Natasha zaps a wand.
The puff of flame hits you! The fire burns you terribly!
* * * LOW HITPOINT WARNING * * *
Natasha claws you.
* * * LOW HITPOINT WARNING * * *
Unknown command.
You are confused.
You feel invigorated.
Natasha zaps a wand.
The puff of flame hits you! The fire burns you terribly!
Ouch! That really hurt!
You die...

.....#..#..###.....#
###.##.##....##)##.#
.#..#(.#.....#..#..#
...##)##....##.##.##
##.#...#.#..#..#..##
.#####.).####.##.#<#
...# ###...#..#..#.#
#.## ###...##....#
..# ###.#..@h.# .##
#.#..##.# .#
..#......# ##
.##...#..# # ..
#..##..# # .#
#.>....# ........ #
.... ### ...##.


You could see Natasha.

Vanquished Creatures
  Natasha (D:2)
  Robin (D:2)
  An adder (D:2)
  2 giant cockroaches (D:2)
  5 hobgoblins
  2 jackals (D:2)
  9 kobolds
  A quokka (D:2)
  4 bats
  2 frilled lizards
  15 goblins
  8 rats
51 creatures vanquished.

Notes
Turn   | Place    | Note
-------+----------+-------------------------------------------
     0 | D:1      | Gildeon the Deep Elf Conjurer began the quest for the Orb.
     0 | D:1      | Reached XP level 1. HP: 10/10 MP: 6/6
   261 | D:1      | Reached XP level 2. HP: 15/15 MP: 6/8
   268 | D:1      | Learned a level 2 spell: Searing Ray
   716 | D:1      | Reached XP level 3. HP: 19/19 MP: 9/9
   721 | D:1      | Learned a level 3 spell: Dazzling Spray
   910 | D:2      | Noticed Sigmund
   948 | D:2      | Found a shattered altar of Ashenzari.
  1072 | D:2      | Noticed Natasha
  1089 | D:2      | Killed Natasha
  1089 | D:2      | Reached skill level 5 in Conjurations
  1089 | D:2      | Reached XP level 4. HP: 15/24 MP: 10/10
  1101 | D:2      | Noticed Robin
  1222 | D:2      | Killed Robin
  1434 | D:2      | Noticed Natasha
  1441 | D:2      | Killed from afar by Natasha

Levels and vault maps discovered:
D:1:      psy_arrival_fountain, layout_rooms
D:2:      minmay_skewed_foursquare, layout_basic, old_standard_altar,
          lightli_temple_of_fire, uniq_robin, uniq_natasha, uniq_sigmund

Skill      XL: |  1  2  3  4 |
---------------+-------------+-----
Stealth        | 3 4 |  4.0
Dodging        | 3 |  3.8
Conjurations   | 5 |  5.0
Spellcasting   | |  3.3

Action                   |  1- 3 |  4- 6 || total
-------------------------+-------+-------++-------
Melee: Unarmed           |     1 |       ||     1
       Whip              |    11 |     8 ||    19
 Cast: Magic Dart        |    59 |    25 ||    84
  Use: Scroll            |     3 |       ||     3
       Potion            |     1 |     1 ||     2
  Eat: Chunk             |       |     1 ||     1
Armor: Robe              |     2 |       ||     2
Dodge: Dodged            |    15 |     7 ||    22
